 Dungeon Crawl Stone Soup version 0.18-a0-965-g9200175 (webtiles) character file.

1905 filipzpl the Magician (level 8, -3/46 HPs)
             Began as a Deep Elf Wizard on Jan 1, 2016.
             Was an Initiate of Vehumet.
             Killed from afar by an orc wizard (6 damage)
             ... with a magic dart
             ... on level 7 of the Dungeon.
             The game lasted 00:32:33 (8283 turns).

filipzpl the Magician (Deep Elf Wizard)             Turns: 8283, Time: 00:32:34

Health: -3/46      AC:  1    Str:  4    XL:     8   Next: 94%
Magic:  0/20       EV: 13    Int: 26    God:    Vehumet [......]
Gold:   428        SH:  0    Dex: 15    Spells: 7 memorised, 5 levels left

rFire  + . .     SeeInvis .     s - staff of air
rCold  . . .     Gourm    .     r - +1 robe {MR+}
rNeg   . . .     Faith    .     (no shield)
rPois  .         Spirit   +     b - +0 hat
rElec  +         Dismiss  .     (no cloak)
rCorr  .         Reflect  .     g - +0 pair of gloves
SustAt .         Harm     .     y - +0 pair of boots
MR     +....                    w - amulet "Divoupaifoo" {Spirit *Confuse Slay+5}
Stlth  ++........               x - ring of protection from fire
                                u - ring of flight

@: corroded equipment, somewhat resistant to hostile enchantments, unstealthy
A: agile 1, wild magic 1
a: Renounce Religion, Evoke Flight


You were on level 7 of the Dungeon.
You worshipped Vehumet.
Vehumet was noncommittal.
You were not hungry.

You visited 2 branches of the dungeon, and saw 8 of its levels.

You collected 428 gold pieces.

Inventory:

Armour
 b - a +0 hat (worn)
 g - a +0 pair of gloves (worn)
 r - a +1 robe of magic resistance (worn)
 y - a +0 pair of boots (worn)
Magical Staves
 s - an uncursed staff of air (weapon)
Jewellery
 u - a ring of flight (left hand)
 w - the amulet "Divoupaifoo" (around neck) {Spirit *Confuse Slay+5}
   (You found it on level 4 of the Dungeon)

   [amulet of guardian spirit]

   It causes incoming damage to be split between your health and magic.
   It affects your accuracy and damage with ranged weapons and melee attacks
   (+5).
   It may confuse you when you take damage.
 x - a ring of protection from fire (right hand)
Wands
 t - a wand of magic darts (14/48)
Scrolls
 a - a scroll of magic mapping
 m - 3 scrolls of remove curse
 o - a scroll of teleportation
 z - a scroll of summoning {unknown}
 C - a scroll of silence {unknown}
Potions
 e - a potion of brilliance {unknown}
 i - a potion of mutation {unknown}
 j - a potion of flight {unknown}
 k - a potion of poison {unknown}
 l - a potion of agility {unknown}
 p - 2 potions of lignification {unknown}
 q - 2 potions of curing
 v - a potion of ambrosia {unknown}
 B - 2 potions of magic {unknown}
 E - a potion of cure mutation {unknown}
Books
 c - a book of Minor Magic

   Spells                             Type                      Level
   a - Magic Dart                     Conjuration                  1
   b - Blink                          Translocation                2
   c - Call Imp                       Summoning                    2
   d - Repel Missiles                 Charms/Air                   2
   e - Slow                           Hexes                        2
   f - Conjure Flame                  Conjuration/Fire             3
   g - Mephitic Cloud                 Conjuration/Poison/Air       3
 A - a book of Debilitation

   Spells                             Type                      Level
   a - Corona                         Hexes                        1
   b - Slow                           Hexes                        2
   c - Gell's Gravitas                Hexes/Translocation          3
   d - Inner Flame                    Hexes/Fire                   3
   e - Cause Fear                     Hexes                        4
   f - Leda's Liquefaction            Hexes/Earth                  4
 D - a book of Burglary

   Spells                             Type                      Level
   a - Swiftness                      Charms/Air                   2
   b - Passwall                       Transmutation/Earth          3
   c - Passage of Golubria            Translocation                4
   d - Lee's Rapid Deconstruction     Earth                        5
   e - Darkness                       Hexes                        6
   f - Invisibility                   Hexes                        6
Comestibles
 d - 2 bread rations
 f - 2 beef jerkies
 h - 3 meat rations
 n - a fruit
 F - a slice of pizza


   Skills:
 - Level 3.3 Fighting
 - Level 3.0 Staves
 - Level 2.4 Dodging
 - Level 2.4 Stealth
 * Level 7.2 Spellcasting
 - Level 6.9 Conjurations
   Level 1.1 Summonings
 - Level 1.1 Translocations
 + Level 6.8 Fire Magic
 + Level 2.1 Air Magic


You had 5 spell levels left.
You knew the following spells:

 Your Spells              Type           Power        Failure   Level  Hunger
a - Magic Dart            Conj           ####         2%          1    None
b - Blink                 Tloc           N/A          19%         2    None
c - Repel Missiles        Chrm/Air       ####..       19%         2    None
d - Conjure Flame         Conj/Fire      ######..     4%          3    None
e - Mephitic Cloud        Conj/Pois/Air  ######..     16%         3    None
f - Inner Flame           Hex/Fire       #####...     13%         3    None
g - Swiftness             Chrm/Air       ####....     19%         2    None


Dungeon Overview and Level Annotations

Branches:
Dungeon (7/15)             Temple (1/1) D:7

Altars:
Ashenzari
Cheibriados
Fedhas
Makhleb
Okawaru
Pakellas
Qazlal
Trog
Vehumet
Xom
Zin
The Shining One

Annotations:
D:6 PinkishYellow's ghost, novice OgBe


Innate Abilities, Weirdness & Mutations

You are agile. (Dex +2)
Your spells are a little harder to cast, but a little more powerful.


Message History

The orc wizard closely misses you.
The orc priest invokes the aid of Beogh against you.
Something smites you!
The orc wizard points at you and mumbles some strange words.
The magic dart hits you!
* * * LOW HITPOINT WARNING * * *
The orc wizard gestures at you while chanting.
The puff of frost hits you!
* * * LOW HITPOINT WARNING * * *
Found a stone staircase leading down.
Read which item? (? for menu, Esc to quit)
As you read the scroll of teleportation, it crumbles to dust.
You feel strangely unstable. The quokka barely misses you.
The orc wizard misses you.
The orc wizard hits you but does no damage.
Found a stone staircase leading up.
Your surroundings seem slightly different.
The orc wizard points at you and mumbles some strange words.
The magic dart hits you!
You die...

#.............
#......(.....#
##..........## #.
#..........# #..
#........### #...#
#.o...(.##
......#######o....###
.......ยง.##J....###
..<.....@or.....# .
.........o......#
..................>
....................
.
....................
.
................o...
.
....................
. ..............#..


You could see a jelly, an orc priest, 2 orc wizards and a quokka.

Vanquished Creatures
  A hill giant (D:6)
  A sky beast (D:6)
  3 phantoms
  A centaur (D:5)
  4 giant frogs (D:6)
  2 scorpions
  A centaur zombie (D:6)
  A hound (D:4)
  A jelly (D:6)
  An orc priest (D:6)
  A centaur skeleton (D:6)
  Jessica (D:3)
  2 orc wizards (D:6)
  Natasha (thrice) (D:3)
  6 worker ants
  A hound skeleton (D:6)
  8 adders
  3 giant geckos
  16 orcs
  6 giant cockroaches
  7 goblins
  10 hobgoblins
  5 jackals
  14 kobolds
  2 quokkas
  2 ball pythons
  5 bats
  A giant gecko skeleton (D:4)
  2 giant newts
  A quokka skeleton (D:4)
  8 rats
120 creatures vanquished.

Vanquished Creatures (others)
  2 plants (D:1)
2 creatures vanquished.

Grand Total: 122 creatures vanquished

Notes
Turn   | Place    | Note
--------------------------------------------------------------
     0 | D:1      | filipzpl the Deep Elf Wizard began the quest for the Orb.
     0 | D:1      | Reached XP level 1. HP: 10/10 MP: 7/7
   195 | D:1      | Reached XP level 2. HP: 12/15 MP: 9/9
   274 | D:1      | Reached skill level 5 in Spellcasting
  1427 | D:1      | Reached XP level 3. HP: 19/19 MP: 8/11
  1835 | D:2      | Found a blossoming altar of Fedhas.
  1842 | D:2      | Found an oddly glowing altar of Pakellas.
  1912 | D:2      | Found a shattered altar of Ashenzari.
  2011 | D:2      | Reached skill level 6 in Spellcasting
  2026 | D:2      | Reached XP level 4. HP: 17/24 MP: 8/14
  2405 | D:2      | Learned a level 2 spell: Blink
  2408 | D:2      | Learned a level 2 spell: Repel Missiles
  2412 | D:2      | Learned a level 3 spell: Conjure Flame
  2416 | D:2      | Learned a level 3 spell: Mephitic Cloud
  2500 | D:3      | Noticed Jessica
  2503 | D:3      | Killed Jessica
  2503 | D:3      | Reached skill level 1 in Fighting
  2517 | D:3      | Found a faded altar to an unknown god.
  2830 | D:3      | Noticed Natasha
  2838 | D:3      | Killed Natasha
  2838 | D:3      | Reached skill level 1 in Fire Magic
  2838 | D:3      | Reached XP level 5. HP: 26/29 MP: 11/15
  2952 | D:3      | Noticed Natasha
  2955 | D:3      | Killed Natasha
  2955 | D:3      | Reached skill level 1 in Air Magic
  3068 | D:3      | Noticed Natasha
  3071 | D:3      | Killed Natasha
  3357 | D:3      | Reached skill level 1 in Staves
  3967 | D:4      | Noticed a phantom
  3985 | D:4      | Killed a phantom
  3985 | D:4      | Reached XP level 6. HP: 33/36 MP: 1/17
  4355 | D:4      | Got a vibrating ruby amulet
  4391 | D:4      | Identified the amulet "Divoupaifoo" {Spirit *Confuse Slay+5} (You found it on level 4 of the Dungeon)
  4706 | D:5      | Entered Level 5 of the Dungeon
  4910 | D:4      | Learned a level 3 spell: Inner Flame
  4964 | D:4      | Reached XP level 7. HP: 32/41 MP: 2/18
  5077 | D:4      | HP: 1/41 [scorpion (6)]
  6399 | D:6      | Found an iron altar of Okawaru.
  6760 | D:6      | Gained mutation: You are agile. (Dex +2) [potion of beneficial mutation]
  6761 | D:6      | Gained mutation: Your spells are a little harder to cast, but a little more powerful. [potion of beneficial mutation]
  6826 | D:6      | Reached skill level 5 in Conjurations
  6880 | D:6      | Reached XP level 8. HP: 42/46 MP: 4/19
  7028 | D:6      | Reached skill level 5 in Fire Magic
  7051 | D:6      | Noticed a hill giant
  7208 | D:6      | Killed a hill giant
  7306 | D:6      | Learned a level 2 spell: Swiftness
  7488 | D:6      | Noticed PinkishYellow's ghost (novice OgBe)
  7677 | D:6      | Found an oddly glowing altar of Pakellas.
  7818 | D:6      | Reached skill level 7 in Spellcasting
  8233 | D:7      | Found a staircase to the Ecumenical Temple.
  8242 | Temple   | Entered the Ecumenical Temple
  8252 | Temple   | Became a worshipper of Vehumet
  8283 | D:7      | Killed from afar by an orc wizard

Vault maps used:
D:1:      elethiomel_arrival_maze, minmay_misc_feat_secret_circle,
          lexackson_kobold_supper
D:2:      grunt_temple_overflow_open, evilmike_ruin_ashenzari
D:3:      first_bread, ecumenical_altar_2, uniq_jessica, uniq_natasha
D:4:      minmay_crystal_room, minmay_misc_feat_x
D:5:      hangedman_decor_diamond_cutter
D:6:      okawaru_gym_becter, johnstein_pakellas_death_squad
D:7:      grunt_gozag_breadcrumbs, nicolae_overflow_hidden_temple,
          minmay_temple_entry_crystal_x
Temple:   circular_temple_12

Action                   |  1- 3 |  4- 6 |  7- 9 || total
-------------------------+-------+-------+-------++-------
Melee: Spear             |   102 |     6 |       ||   108
       Staff             |       |    32 |    43 ||    75
 Cast: Magic Dart        |    68 |   140 |   129 ||   337
       Inner Flame       |       |     2 |       ||     2
       Conjure Flame     |       |       |    11 ||    11
       Mephitic Cloud    |       |       |     5 ||     5
       Repel Missiles    |       |       |     1 ||     1
       Blink             |       |       |     1 ||     1
  Use: Scroll            |       |    10 |     5 ||    15
       Potion            |       |       |     4 ||     4
 Stab: Sleeping          |     5 |     1 |       ||     6
  Eat: Chunk             |     3 |     5 |     1 ||     9
       Meat ration       |       |     1 |       ||     1
       Bread ration      |       |       |     2 ||     2
